 Dungeon Crawl Stone Soup version 0.28.0-47-ge53b351184 (webtiles) character file.

Game seed: 12721582214689403458

1014 Allula97 the Skirmisher (level 8, -3/61 HPs)
             Began as a Demonspawn Monk on May 8, 2022.
             Was a Follower of Uskayaw.
             Slain by a vampire mosquito (4 damage)
             ... on level 6 of the Dungeon.
             The game lasted 00:13:10 (6902 turns).

Allula97 the Skirmisher (Demonspawn Monk)           Turns: 6902, Time: 00:13:10

Health: -3/61      AC:  5    Str: 13    XL:     8   Next: 1%
Magic:  0/11       EV: 13    Int: 11    God:    Uskayaw [*.....]
Gold:   143        SH:  4    Dex: 17    Spells: 11/11 levels left

rFire   . . .      SeeInvis .   q - +3 dagger (flame)
rCold   . . .      Faith    .   (no shield)
rNeg    . . .      Spirit   +   g - +2 leather armour {rPois}
rPois   +          Reflect  .   (no helmet)
rElec   .          Harm     .   (no cloak)
rCorr   .          Rampage  .   (no gloves)
Will    .....                   (no boots)
Stlth   +++.......              m - amulet of guardian spirit
HPRegen 0.20/turn               (no ring)
MPRegen 0.24/turn               (no ring)

@: about to teleport, invisible
A: hooves 1, magic regeneration, sturdy frame 1, condensation shield
a: Renounce Religion, Stomp


You were on level 6 of the Dungeon.
You worshipped Uskayaw.
Uskayaw was noncommittal.
You visited 1 branch of the dungeon, and saw 6 of its levels.
You also visited: Sewer.

You collected 243 gold pieces.
You spent 100 gold pieces at shops.

Inventory:

Hand Weapons
 f - a +1 short sword of draining
 q - a +3 dagger of flaming (weapon)
Missiles
 u - 4 atropa-tipped darts (quivered)
Armour
 g - a +2 leather armour of poison resistance (worn)
Jewellery
 m - an amulet of guardian spirit (around neck)
Wands
 i - a wand of flame (12)
Scrolls
 a - a scroll of teleportation
 b - a scroll of noise
 h - 2 scrolls of amnesia
 n - a scroll of fear
 o - a scroll of fog
 r - a scroll of enchant armour {unknown}
 s - a scroll of torment {unknown}
 t - a scroll of silence {unknown}
 w - a scroll of identify
Potions
 c - a potion of ambrosia {unknown}
 e - a potion of experience {unknown}
 j - a potion of might {unknown}
 k - 3 potions of attraction
 l - a potion of flight
 v - a potion of resistance {unknown}


   Skills:
 * Level 4.9 Fighting
 * Level 3.8(4.3) Short Blades
 + Level 2.9(3.9) Long Blades
 * Level 3.4 Armour
 * Level 3.9 Dodging
 * Level 3.7 Stealth
 + Level 0.7 Shields
 * Level 2.3 Spellcasting


You had 11 spell levels left.
You didn't know any spells.
Your spell library contained the following spells:

 Spells                   Type           Power      Damage    Failure   Level
 Foxfire                  Conj/Fire      4%         2x1d4     28%         1
 Ensorcelled Hibernation  Hex/Ice        2%         N/A       41%         2
 Passwall                 Tmut/Erth      0%         N/A       41%         2
 Conjure Flame            Conj/Fire      1%         6-21      65%         3
 Inner Flame              Hex/Fire       1%         N/A       65%         3
 Ozocubu's Armour         Ice            1%         N/A       65%         3
 Swiftness                Air            1%         N/A       65%         3
 Flame Wave               Conj/Fire      1%         2d4       96%         4
 Metabolic Englaciation   Hex/Ice        0%         N/A       100%        5
 Simulacrum               Ice/Necr       0%         N/A       100%        6


Dungeon Overview and Level Annotations

Branches:
Dungeon (6/15)              Sewer (visited)
 Temple: D:4-7

Altars:
Sif Muna
Trog
Uskayaw
The Shining One

Shops:
D:3 [


Innate Abilities, Weirdness & Mutations

You have large cloven feet.
You regenerate magic rapidly.
Your movements are slightly less encumbered by armour. (ER -2)
A meltable shield of frost defends you. (SH +4)


Message History

* * * LOW HITPOINT WARNING * * *
The vampire mosquito draws strength from your injuries!
The vampire mosquito bites you but does no damage. x2
You block the vampire mosquito's attack.
You fade into invisibility!
The vampire mosquito bites you.
* * * LOW HITPOINT WARNING * * *
The vampire mosquito draws strength from your injuries!
The vampire mosquito barely misses you. The vampire mosquito misses you.
The vampire mosquito barely misses you. x2; The vampire mosquito misses you.
Okay, then.
You can't see any enemies this would affect, really read the scroll of fear?
Okay, then.
You barely miss the vampire mosquito. Your kick misses the vampire mosquito.
The vampire mosquito completely misses you.
The vampire mosquito misses you. x2
The vampire mosquito bites you!
* * * LOW HITPOINT WARNING * * *
The vampire mosquito draws strength from your injuries!
Found 8 gold pieces.
The vampire mosquito closely misses you.
You feel better.
The vampire mosquito barely misses you. x2
The vampire mosquito bites you.
* * * LOW HITPOINT WARNING * * *
The vampire mosquito draws strength from your injuries!
Found a copper wand.
You catch the helpless vampire mosquito completely off-guard!
You puncture the vampire mosquito! You burn the vampire mosquito.
Your kick misses the vampire mosquito.
The vampire mosquito is severely damaged.
The vampire mosquito bites you!
* * * LOW HITPOINT WARNING * * *
The vampire mosquito draws strength from your injuries!
Okay, then.
As you read the scroll of teleportation, it crumbles to dust.
You feel strangely unstable.
The vampire mosquito closely misses you.
The vampire mosquito barely misses you.
Found 9 gold pieces.
The vampire mosquito bites you.
You die...

..... ........ ....#
#.....# ..$..# ....##
#.....# .....# .....#
#.....# .....#
.....####.....# ....#
..............###.../##.
.......##...........$...
.....#.##.....###....#
....##........yy@....#
...######.....###.......
..... #.....# ######.
.....# #..#####
.........## .....####


You could see 2 vampire mosquitoes.

Vanquished Creatures
  A black bear (D:4)
  Pargi (Sewer)
  An ogre (D:2)
  A phantom (D:4)
  A kobold brigand (D:4)
  A scorpion (D:5)
  2 hounds (D:5)
  An orc priest (D:5)
  3 iguanas (D:5)
  A centaur skeleton (D:5)
  3 orc wizards (D:5)
  7 adders
  A river rat (D:5)
  A shadow imp (D:5)
  5 worms
  6 dart slugs
  21 orcs
  15 ball pythons
  5 bats
  6 endoplasms
  6 goblins
  10 hobgoblins
  4 jackals (D:1)
  2 quokkas
  7 frilled lizards
  31 kobolds
  7 rats
150 creatures vanquished.

Vanquished Creatures (others)
  2 orc wizards (D:5)
  6 plants (D:4)
8 creatures vanquished.

Grand Total: 158 creatures vanquished

Notes
Turn   | Place    | Note
-------+----------+-------------------------------------------
     0 | D:1      | Allula97 the Demonspawn Monk began the quest for the Orb.
     0 | D:1      | Reached XP level 1. HP: 18/18 MP: 1/1
   175 | D:1      | Found a faded altar of an unknown god.
   274 | D:1      | Gained mutation: You have large cloven feet. [demonic
                  | ancestry]
   274 | D:1      | Reached XP level 2. HP: 14/24 MP: 2/2
  1456 | D:2      | Reached XP level 3. HP: 29/29 MP: 3/3
  1776 | D:2      | Reached skill level 1 in Armour
  2266 | D:2      | Noticed an ogre
  2271 | D:2      | Reached XP level 4. HP: 29/35 MP: 4/4
  2291 | D:2      | Killed an ogre
  2292 | D:2      | Reached skill level 1 in Short Blades
  2292 | D:2      | Gained mutation: You regenerate magic rapidly. [demonic
                  | ancestry]
  2292 | D:2      | Reached XP level 5. HP: 13/41 MP: 1/6
  3247 | D:3      | Found Ficlug's Antique Armour Boutique.
  3260 | D:3      | Bought a runed leather armour for 100 gold pieces
  3673 | D:4      | Noticed a phantom
  3692 | D:4      | Killed a phantom
  3693 | D:4      | Reached skill level 1 in Spellcasting
  3693 | D:4      | Gained mutation: A meltable shield of frost defends you.
                  | (SH +4) [demonic ancestry]
  3693 | D:4      | Reached XP level 6. HP: 29/48 MP: 7/7
  5202 | D:5      | Entered Level 5 of the Dungeon
  5226 | D:5      | Reached skill level 4 in Fighting
  5231 | D:5      | Reached XP level 7. HP: 16/54 MP: 5/9
  5411 | D:5      | Found a glowing drain.
  5424 | Sewer    | Entered a sewer
  5439 | Sewer    | Noticed Pargi
  5441 | Sewer    | Killed Pargi
  5668 | D:5      | Found a hide-covered altar of Uskayaw.
  5718 | D:5      | Became a worshipper of Uskayaw the Reveller
  5718 | D:5      | Reached * piety under Uskayaw
  5911 | D:5      | Reached ** piety under Uskayaw
  5914 | D:5      | Reached *** piety under Uskayaw
  5921 | D:5      | Reached **** piety under Uskayaw
  5941 | D:5      | Reached ***** piety under Uskayaw
  6282 | D:5      | Found a bloodstained altar of Trog.
  6542 | D:5      | Gained mutation: Your movements are slightly less
                  | encumbered by armour. (ER -2) [demonic ancestry]
  6542 | D:5      | Reached XP level 8. HP: 61/61 MP: 11/11
  6683 | D:5      | Found a shimmering blue altar of Sif Muna.
  6895 | D:6      | HP: 1/61 [vampire mosquito (8)]
  6900 | D:6      | HP: 1/61 [vampire mosquito (8)]
  6902 | D:6      | Slain by a vampire mosquito

Illustrated notes

Levels and vault maps discovered:
D:1:      evilmike_arrival_hilbert_curve, layout_basic,
          shapermc_ecumenical_altar_notcrosses
D:2:      minmay_razor_zed, layout_basic
D:3:      layout_basic, serial_shops, nicolae_shop_competitors_out_of_business
D:4:      kennysheep_kobold_camp, layout_loops_corners, tso_altar
D:5:      layout_basic, eat_drink_and_be_merry_uskayaw, kennysheep_little_box,
          old_standard_altar, cheibrodos_sewer_entry_sluice
D:6:      layout_rooms, mainiacjoe_overflow_small_starburst, uniq_maggie

Skill      XL: |  1  2  3  4  5  6  7 |
---------------+----------------------+-----
Dodging        | 3 |  3.9
Stealth        | 2 3 |  3.7
Armour         | 1 2 3 |  3.4
Short Blades   | 1 2 3 |  3.8
Spellcasting   | 1 2 |  2.3
Fighting       | 4 |  4.9
Long Blades    | |  2.9
Shields        | |  0.7

Action                   |  1- 3 |  4- 6 |  7- 9 || total
-------------------------+-------+-------+-------++-------
Melee: Falchion          |    23 |       |       ||    23
       Dagger            |    34 |   142 |   177 ||   353
       Kick              |    24 |    51 |    58 ||   133
       Short sword       |    57 |    43 |       ||   100
       Punch             |       |     5 |     4 ||     9
Invok: Stomp             |       |       |     2 ||     2
       Line Pass         |       |       |     1 ||     1
  Use: Potion            |       |     2 |     3 ||     5
       Scroll            |       |     7 |     3 ||    10
 Stab: Sleeping          |     2 |     4 |     3 ||     9
       Paralysed         |       |       |     1 ||     1
       Invisible         |       |       |     1 ||     1
Armor: Ring mail         |    32 |    14 |       ||    46
       Robe              |     3 |       |       ||     3
       Leather armour    |       |    21 |    35 ||    56
Dodge: Dodged            |    48 |    88 |    76 ||   212
Block: Other             |       |    14 |    18 ||    32
